APP
PULASKI YANKEES @ ELIZABETHTON TWINS
06/29/2099
 
TOP OF THE 1ST
Pulaski Yankees batting - Pitching for Elizabethton Twins : LHP Edwin Aguilar
Pitching: LHP Edwin Aguilar
Batting: SHB Andre Wills 0-0: Ball
1-0: Ball
2-0: Ball
3-0: Called Strike
3-1: Base on Balls
Batting: RHB Mike Fritz 0-0: Called Strike
0-1: Ball
1-1: Ball
2-1: Fly out, F8 (Flyball, 78D, EV 80.6 MPH)
Batting: RHB Jason Herrera 0-0: Called Strike
0-1: Swinging Strike
0-2: Foul Ball, location: 9LMF
0-2: Strikes out swinging
Batting: LHB Mike Peterson 0-0: Ball
1-0: SINGLE (Line Drive, 89S, EV 91.9 MPH)
Andre Wills to second
Runner from 2nd tries for 3rd, SAFE, no throw by RF
Batting: RHB Jim Taylor 0-0: Called Strike
0-1: Ball
1-1: Ball
2-1: Foul Ball, location: 7LMF
2-2: Fielders Choice at 2nd, 5-4 (Groundball, 56, EV 80.6 MPH)
Top of the 1st over - 0 runs, 1 hit, 0 errors, 2 left on base; Pulaski 0 - Elizabethton 0
BOTTOM OF THE 1ST
Elizabethton Twins batting - Pitching for Pulaski Yankees : RHP Jim Unknown
Pitching: RHP Jim Unknown
Batting: LHB John Reichle 0-0: Ball
1-0: Ground out 4-3 (Groundball, 4D, EV 93.1 MPH)
Batting: RHB Butch Domingue 0-0: Called Strike
0-1: Ball
1-1: Ball
2-1: Ball
3-1: Base on Balls
Batting: RHB Mike Trudelle 0-0: Called Strike
Butch Domingue steals 2nd base
0-1: Ball
1-1: Ground out 6-3 (Groundball, 6, EV 81.3 MPH)
Butch Domingue to third
Batting: RHB Chris Crum 0-0: Called Strike
0-1: Swinging Strike
0-2: Ball
1-2: Foul Ball, location: 2F
1-2: Foul Ball, location: 2F
1-2: Ball
2-2: Ball
3-2: Foul Ball, location: 25FF
3-2: Fly out, F7 (Line Drive, 7, EV 106.3 MPH)
Bottom of the 1st over - 0 runs, 0 hits, 0 errors, 1 left on base; Pulaski 0 - Elizabethton 0
TOP OF THE 2ND
Pulaski Yankees batting - Pitching for Elizabethton Twins : LHP Edwin Aguilar
Batting: LHB Jim Lohnes 0-0: Ball
1-0: Foul Ball, location: 7LDF
1-1: TRIPLE (Flyball, 78XD, EV 108.8 MPH)
Batting: RHB Justin Andrews 0-0: Ball
1-0: Ball
2-0: Ball
3-0: Base on Balls
Batting: LHB Danny Beyer 0-0: Ball
1-0: Ball
Passed Ball!
Jim Lohnes scores
Justin Andrews to second
2-0: Ball
3-0: Called Strike
3-1: Foul Ball, location: 9LMF
3-2: Strikes out swinging
Batting: RHB Joel Schwegman 0-0: Ball
1-0: Foul Ball, location: 9LMF
1-1: Ball
2-1: Ball
3-1: Foul Ball, location: 3DF
3-2: Strikes out swinging
Batting: SHB Andre Wills 0-0: Foul Ball, location: 9LMF
0-1: Ball
1-1: Ball
2-1: Ball
3-1: Fly out, F8 (Flyball, 8LD, EV 101.9 MPH)
Top of the 2nd over - 1 run, 1 hit, 0 errors, 1 left on base; Pulaski 1 - Elizabethton 0
BOTTOM OF THE 2ND
Elizabethton Twins batting - Pitching for Pulaski Yankees : RHP Jim Unknown
Batting: RHB Dylan Howarth 0-0: Ball
1-0: Called Strike
1-1: SINGLE (Groundball, 6MD, EV 98.1 MPH)
Batting: RHB Malachi Johnson 0-0: Ball
1-0: Ball
2-0: Called Strike
2-1: Foul Ball, location: 3SF
2-2: Foul Ball, location: 3SF
2-2: Fly out, F5 (Line Drive, 5L, EV 66.9 MPH)
Batting: RHB Mike Connolly 0-0: Ball
1-0: Called Strike
1-1: Grounds into double play, 1-4-3 (Groundball, 15, EV 71.3 MPH)
Bottom of the 2nd over - 0 runs, 1 hit, 0 errors, 0 left on base; Pulaski 1 - Elizabethton 0
TOP OF THE 3RD
Pulaski Yankees batting - Pitching for Elizabethton Twins : LHP Edwin Aguilar
Batting: RHB Mike Fritz 0-0: Ball
1-0: Fly out, F8 (Flyball, 8RM, EV 100.6 MPH)
Batting: RHB Jason Herrera 0-0: Called Strike
0-1: Ball
1-1: Fly out, F8 (Flyball, 8RXD, EV 109.4 MPH)
Batting: LHB Mike Peterson 0-0: Called Strike
0-1: Ball
1-1: Ball
2-1: Ball
3-1: Foul Ball, location: 25F
3-2: Base on Balls
Pitching: RHP Tony Casares
Batting: RHB Jim Taylor 0-0: Called Strike
0-1: Fly out, F5 (Popup, 5SF, EV 71.3 MPH)
Top of the 3rd over - 0 runs, 0 hits, 0 errors, 1 left on base; Pulaski 1 - Elizabethton 0
BOTTOM OF THE 3RD
Elizabethton Twins batting - Pitching for Pulaski Yankees : RHP Jim Unknown
Batting: RHB Mike Lyons 0-0: Ball
1-0: Ball
2-0: Ball
3-0: Base on Balls
Batting: RHB Jose Saucedo 0-0: Sac Bunt to 3S - play at first, batter OUT! 3-4
Mike Lyons to second
Batting: LHB John Reichle 0-0: Ball
1-0: Foul Ball, location: 7LMF
1-1: Ball
2-1: Called Strike
2-2: Foul Ball, location: 25FF
2-2: Foul Ball, location: 5F
2-2: Ball
3-2: Foul Ball, location: 9LDF
3-2: Foul Ball, location: 5F
3-2: Strikes out swinging
Batting: RHB Butch Domingue 0-0: Called Strike
0-1: Ball
1-1: Foul Ball, location: 9LDF
1-2: Ground out 5-3 (Groundball, 56, EV 103.8 MPH)
Bottom of the 3rd over - 0 runs, 0 hits, 0 errors, 1 left on base; Pulaski 1 - Elizabethton 0
TOP OF THE 4TH
Pulaski Yankees batting - Pitching for Elizabethton Twins : RHP Tony Casares
Batting: LHB Jim Lohnes 0-0: Ball
1-0: SINGLE (Flyball, 6MD, EV 86.9 MPH) - OUT at second base trying to stretch hit.
Batting: RHB Justin Andrews 0-0: Ball
1-0: Foul Ball, location: 9LSF
1-1: Foul Ball, location: 2F
1-2: Ball
2-2: Ball
3-2: Fly out, F7 (Line Drive, 7, EV 84.4 MPH)
Batting: LHB Danny Beyer 0-0: Called Strike
0-1: Ball
1-1: Ball
2-1: Ball
3-1: Base on Balls
Batting: RHB Joel Schwegman 0-0: Hit by Pitch
Danny Beyer to second
Batting: SHB Andre Wills 0-0: Called Strike
0-1: Fielders Choice at 2nd, 6-4 (Groundball, 6, EV 83.1 MPH)
Top of the 4th over - 0 runs, 1 hit, 0 errors, 2 left on base; Pulaski 1 - Elizabethton 0
BOTTOM OF THE 4TH
Elizabethton Twins batting - Pitching for Pulaski Yankees : RHP Jim Unknown
Batting: RHB Mike Trudelle 0-0: Ball
1-0: Ball
2-0: Called Strike
2-1: Foul Ball, location: 9LMFF
2-2: Foul Ball, location: 5F
2-2: SINGLE (Line Drive, 7S, EV 101.9 MPH)
Batting: RHB Chris Crum 0-0: Foul Ball, location: 3F
0-1: Ball
1-1: Called Strike
1-2: Ball
2-2: Foul Ball, location: 3FF
2-2: Ball
3-2: Strikes out swinging
Batting: RHB Dylan Howarth 0-0: Called Strike
0-1: Ball
1-1: Called Strike
Mike Trudelle steals 2nd base
1-2: Ball
2-2: Ball
3-2: Foul Ball, location: 25F
3-2: Strikes out looking
Batting: RHB Malachi Johnson 0-0: SINGLE (Line Drive, 78M, EV 99.4 MPH)
Mike Trudelle to third
Runner from 3rd tries for Home, SAFE, throw by LF to home
Batting: RHB Mike Connolly 0-0: Called Strike
0-1: SINGLE (Line Drive, 8RS, EV 100.0 MPH)
Malachi Johnson to second
Runner from 2nd tries for 3rd, SAFE, no throw by RF
Batting: RHB Mike Lyons 0-0: Ball
1-0: Ball
2-0: Fly out, F7 (Line Drive, 7, EV 89.4 MPH)
Bottom of the 4th over - 1 run, 3 hits, 0 errors, 2 left on base; Pulaski 1 - Elizabethton 1
TOP OF THE 5TH
Pulaski Yankees batting - Pitching for Elizabethton Twins : RHP Tony Casares
Batting: RHB Mike Fritz 0-0: Called Strike
0-1: Called Strike
0-2: Fly out, F8 (Flyball, 8LD, EV 77.5 MPH)
Batting: RHB Jason Herrera 0-0: Ball
1-0: Foul Ball, location: 2F
1-1: Foul Ball, location: 7LMF
1-2: Strikes out swinging
Batting: LHB Mike Peterson 0-0: Foul Ball, location: 2F
0-1: Foul Ball, location: 2F
0-2: Strikes out swinging
Top of the 5th over - 0 runs, 0 hits, 0 errors, 0 left on base; Pulaski 1 - Elizabethton 1
BOTTOM OF THE 5TH
Elizabethton Twins batting - Pitching for Pulaski Yankees : RHP Jim Unknown
Batting: RHB Jose Saucedo 0-0: Ball
1-0: Ground out U3 (Groundball, 34, EV 83.1 MPH)
Batting: LHB John Reichle 0-0: Ball
1-0: Fly out, F7 (Flyball, 78D, EV 107.5 MPH)
Pitching: LHP Jim Unknown
Batting: RHB Butch Domingue 0-0: Ball
1-0: SINGLE (Groundball, 6D, EV 108.8 MPH)
Batting: RHB Mike Trudelle 0-0: Called Strike
0-1: Called Strike
0-2: Fly out, F3 (Line Drive, 34, EV 75.0 MPH)
Bottom of the 5th over - 0 runs, 1 hit, 0 errors, 1 left on base; Pulaski 1 - Elizabethton 1
TOP OF THE 6TH
Pulaski Yankees batting - Pitching for Elizabethton Twins : RHP Tony Casares
Batting: RHB Jim Taylor 0-0: Ball
1-0: Called Strike
1-1: Ball
2-1: Foul Ball, location: 2F
2-2: Strikes out swinging
Batting: LHB Jim Lohnes 0-0: Ball
1-0: Called Strike
1-1: Ball
2-1: Foul Ball, location: 23FF
2-2: Ball
3-2: Foul Ball, location: 5SF
3-2: Foul Ball, location: 5FF
3-2: Hit by Pitch
Pitching: RHP Jared Irwin
Batting: RHB Justin Andrews 0-0: Ball
1-0: Swinging Strike
1-1: Ball
2-1: Ball
3-1: Base on Balls
Jim Lohnes to second
Batting: LHB Danny Beyer 0-0: Ball
Wild Pitch!
Jim Lohnes to third
Justin Andrews to second
1-0: SINGLE (Line Drive, 6D, EV 97.5 MPH)
Jim Lohnes scores
Justin Andrews to third
Runner from 3rd tries for Home, SAFE, throw by LF to home
Batting: RHB Joel Schwegman 0-0: Foul Ball, location: 3FF
0-1: Ball
1-1: Ball
2-1: Called Strike
2-2: Strikes out swinging
Batting: SHB Andre Wills 0-0: Called Strike
0-1: Ball
1-1: Ball
2-1: Called Strike
2-2: Fly out, F9 (Line Drive, 89M, EV 88.8 MPH)
Top of the 6th over - 2 runs, 1 hit, 0 errors, 1 left on base; Pulaski 3 - Elizabethton 1
BOTTOM OF THE 6TH
Elizabethton Twins batting - Pitching for Pulaski Yankees : LHP Jim Unknown
Batting: RHB Chris Crum 0-0: Swinging Strike
0-1: Ball
1-1: Ball
2-1: DOUBLE (Line Drive, 7LS, EV 90.6 MPH)
Batting: RHB Dylan Howarth 0-0: Fly out, F8 (Flyball, 89M, EV 96.9 MPH)
Batting: RHB Malachi Johnson 0-0: Ball
1-0: Ball
2-0: Called Strike
2-1: Foul Ball, location: 2F
2-2: Ball
3-2: Foul Ball, location: 7LSF
3-2: Foul Ball, location: 2RF
3-2: Foul Ball, location: 25F
3-2: Hit by Pitch
Batting: RHB Mike Connolly 0-0: Foul Ball, location: 2F
0-1: Foul Ball, location: 23F
0-2: Foul Ball, location: 2F
0-2: Ball
1-2: SINGLE (Groundball, 34D, EV 103.1 MPH)
Chris Crum to third
Malachi Johnson to second
Runner from 3rd tries for Home, SAFE, throw by RF to home
Batting: RHB Mike Lyons 0-0: Ball
1-0: Fly out, F4 (Popup, 4M, EV 75.6 MPH)
Batting: RHB Jose Saucedo 0-0: Called Strike
0-1: Ball
1-1: Foul Ball, location: 25F
1-2: Foul Ball, location: 2F
1-2: Foul Ball, location: 9LDF
1-2: Fly out, F8 (Flyball, 8RD, EV 103.8 MPH)
Bottom of the 6th over - 1 run, 2 hits, 0 errors, 2 left on base; Pulaski 3 - Elizabethton 2
TOP OF THE 7TH
Pulaski Yankees batting - Pitching for Elizabethton Twins : RHP Jared Irwin
Batting: RHB Mike Fritz 0-0: DOUBLE (Line Drive, 78M, EV 91.3 MPH)
Batting: RHB Jason Herrera 0-0: Ball
1-0: Swinging Strike
1-1: Ball
2-1: Ball
3-1: Base on Balls
Batting: LHB Mike Peterson 0-0: Ball
1-0: Ball
2-0: Fly out, F9 (Flyball, 9D, EV 107.5 MPH)
Runner from 2nd tags up, SAFE at 3rd, no throw by RF
Batting: RHB Jim Taylor 0-0: Ball
1-0: Called Strike
1-1: Ball
2-1: Foul Ball, location: 25FF
2-2: Strikes out swinging
Pitching: LHP Nathaniel Thomas
Batting: LHB Jim Lohnes 0-0: Called Strike
0-1: Swinging Strike
0-2: Ball
1-2: Foul Ball, location: 2F
1-2: Foul Ball, location: 2F
1-2: DOUBLE (Line Drive, 3D, EV 103.8 MPH)
Mike Fritz scores
Jason Herrera to third
Pitching: LHP Billy Nickell
Batting: RHB Justin Andrews 0-0: Called Strike
0-1: Ball
1-1: Foul Ball, location: 2F
1-2: Foul Ball, location: 3F
1-2: Ball
2-2: Ground out 3-1 (Groundball, 34, EV 87.5 MPH)
Top of the 7th over - 1 run, 2 hits, 0 errors, 2 left on base; Pulaski 4 - Elizabethton 2
BOTTOM OF THE 7TH
Elizabethton Twins batting - Pitching for Pulaski Yankees : LHP Jim Unknown
Pitching: RHP Jim Unknown
Now in RF: Cody Gallagher
Batting: LHB John Reichle 0-0: Ball
1-0: Called Strike
1-1: Fly out, F9 (Flyball, 89M, EV 90.6 MPH)
Batting: RHB Butch Domingue 0-0: Called Strike
0-1: Ball
1-1: Fly out, F5 (Line Drive, 56, EV 71.9 MPH)
Batting: RHB Mike Trudelle 0-0: SINGLE (Groundball, 6, EV 86.9 MPH)
Batting: RHB Chris Crum 0-0: Foul Ball, location: 2F
0-1: Ground out 4-3 (Groundball, 4, EV 100.6 MPH)
Bottom of the 7th over - 0 runs, 1 hit, 0 errors, 1 left on base; Pulaski 4 - Elizabethton 2
TOP OF THE 8TH
Pulaski Yankees batting - Pitching for Elizabethton Twins : LHP Billy Nickell
Batting: LHB Danny Beyer 0-0: Ball
1-0: SINGLE (Line Drive, 78S, EV 90.6 MPH)
Batting: RHB Joel Schwegman 0-0: Ball
1-0: Ball
2-0: Ball
3-0: Called Strike
3-1: Called Strike
3-2: Foul Ball, location: 25FF
3-2: Foul Ball, location: 9LDF
3-2: Grounds into double play, 6-4-3 (Groundball, 6S, EV 88.8 MPH)
Batting: SHB Andre Wills 0-0: Ball
1-0: Foul Ball, location: 2F
1-1: Foul Ball, location: 9LDF
1-2: Ball
2-2: DOUBLE (Groundball, 5L, EV 100.6 MPH)
Batting: RHB Mike Fritz 0-0: Ball
1-0: SINGLE (Line Drive, 56D, EV 97.5 MPH)
Andre Wills to third
Runner from 3rd tries for Home, SAFE, throw by LF to home
Batting: RHB Jason Herrera 0-0: Called Strike
0-1: Called Strike
0-2: Foul Ball, location: 3FF
0-2: Ball
1-2: Strikes out swinging
Top of the 8th over - 1 run, 3 hits, 0 errors, 1 left on base; Pulaski 5 - Elizabethton 2
BOTTOM OF THE 8TH
Elizabethton Twins batting - Pitching for Pulaski Yankees : RHP Jim Unknown
Now at 3B: Chris Anderson
Batting: RHB Dylan Howarth 0-0: Called Strike
0-1: Foul Ball, location: 3F
0-2: Strikes out swinging
Batting: RHB Malachi Johnson 0-0: Foul Ball, location: 2F
0-1: SOLO HOME RUN (Flyball, 9D, EV 99.4 MPH), Distance : 363 ft
Batting: RHB Mike Connolly 0-0: Ball
1-0: Foul Ball, location: 23FF
1-1: Foul Ball, location: 2F
1-2: Ball
2-2: Ball
3-2: Foul Ball, location: 9LDF
3-2: Foul Ball, location: 7LMF
3-2: Hit by Pitch
Batting: RHB Mike Lyons 0-0: Ball
1-0: Ball
2-0: Foul Ball, location: 2F
2-1: Ball
3-1: Foul Ball, location: 9LDF
3-2: Strikes out looking
Batting: RHB Jose Saucedo 0-0: Fly out, F9 (Flyball, 9, EV 90.0 MPH)
Bottom of the 8th over - 1 run, 1 hit, 0 errors, 1 left on base; Pulaski 5 - Elizabethton 3
TOP OF THE 9TH
Pulaski Yankees batting - Pitching for Elizabethton Twins : LHP Billy Nickell
Pitching: RHP Jason Burgess
Batting: RHB Cody Gallagher 0-0: Ball
1-0: SINGLE (Groundball, 56D, EV 94.4 MPH)
Batting: RHB Jim Taylor 0-0: Ball
1-0: Foul Ball, location: 7LDF
1-1: Ball
2-1: Fly out, F9 (Flyball, 9LD, EV 92.5 MPH)
Runner from 1st tags up, SAFE at 2nd
Batting: LHB Jim Lohnes 0-0: Ball
1-0: Foul Ball, location: 5F
1-1: Ball
2-1: Called Strike
2-2: Foul Ball, location: 7LSF
2-2: Foul Ball, location: 3F
2-2: Ball
3-2: Foul Ball, location: 23F
3-2: Fly out, F7 (Flyball, 78M, EV 95.0 MPH)
Batting: RHB Justin Andrews 0-0: Called Strike
0-1: Foul Ball, location: 5FF
0-2: Ball
1-2: Foul Ball, location: 5FF
1-2: Ball
2-2: Foul Ball, location: 9LMF
2-2: Strikes out swinging
Top of the 9th over - 0 runs, 1 hit, 0 errors, 1 left on base; Pulaski 5 - Elizabethton 3
BOTTOM OF THE 9TH
Elizabethton Twins batting - Pitching for Pulaski Yankees : RHP Jim Unknown
Pitching: RHP Miguel Lepe
Batting: LHB John Reichle 0-0: Ball
1-0: Swinging Strike
1-1: SINGLE (Line Drive, 6MD, EV 95.0 MPH)
Batting: RHB Butch Domingue 0-0: Ball
1-0: SINGLE (Line Drive, 3L, EV 100.0 MPH)
John Reichle to second
Batting: RHB Mike Trudelle 0-0: Ball
1-0: Ball
2-0: Ball
3-0: Base on Balls
John Reichle to third
Butch Domingue to second
Batting: RHB Chris Crum 0-0: Ball
1-0: Foul Ball, location: 7LMF
1-1: Fielders Choice at 2nd, 6-4 (Groundball, 6, EV 89.4 MPH)
John Reichle scores
Butch Domingue to third
Batting: RHB Fred Rice 0-0: Foul Ball, location: 7LDF
0-1: Called Strike
0-2: Fly out, F8 (Flyball, 8RD, EV 98.1 MPH)
Runner from 3rd tags up, SCORES, throw by CF
Pinch Hitting: RHB Ivan Perez 0-0: Ball
1-0: SINGLE (Line Drive, 6MD, EV 98.8 MPH)
Chris Crum to second
Pinch Hitting: LHB Jordan Carter 0-0: Ball
1-0: Ball
2-0: Called Strike
2-1: Ground out 2-3 (Groundball, 15S, EV 70.0 MPH)
Bottom of the 9th over - 2 runs, 3 hits, 0 errors, 2 left on base; Pulaski 5 - Elizabethton 5
TOP OF THE 10TH
Pulaski Yankees batting - Pitching for Elizabethton Twins : RHP Jason Burgess
Justin Andrews starts the inning at 2nd base.
Pitching: RHP Tyler Giannini
Now at 3B: Jordan Carter
Now at SS: David Pelayo
Batting: LHB Danny Beyer 0-0: Ball
1-0: Called Strike
1-1: Swinging Strike
1-2: Foul Ball, location: 5F
1-2: Strikes out looking
Pinch Hitting: LHB Matthew Carner 0-0: Called Strike
0-1: Foul Ball, location: 23F
0-2: Strikes out swinging
Batting: SHB Andre Wills 0-0: Foul Ball, location: 3FF
0-1: Ball
1-1: Foul Ball, location: 7LMF
1-2: SINGLE (Line Drive, 9LS, EV 96.9 MPH)
Justin Andrews to third
Runner from 3rd tries for Home, SAFE, throw by RF to home
Batting: RHB Chris Anderson 0-0: Called Strike
Andre Wills steals 2nd base
0-1: Ball
1-1: Ground out 4-3 (Groundball, 34, EV 101.9 MPH)
Top of the 10th over - 1 run, 1 hit, 0 errors, 1 left on base; Pulaski 6 - Elizabethton 5
BOTTOM OF THE 10TH
Elizabethton Twins batting - Pitching for Pulaski Yankees : RHP Miguel Lepe
Jordan Carter starts the inning at 2nd base.
Pitching: RHP Jim Unknown
Now at SS: Jim Unknown
Pinch Hitting: LHB Dave Wallace 0-0: Called Strike
0-1: Called Strike
0-2: Ground out U3 (Groundball, 34, EV 103.1 MPH)
Jordan Carter to third
Pinch Hitting: RHB Edgar Ochoa 0-0: Called Strike
0-1: Ball
1-1: Foul Ball, location: 5FF
1-2: Ground out 4-3 (Groundball, 4, EV 90.6 MPH)
Batting: LHB John Reichle 0-0: DOUBLE (Flyball, 89D, EV 103.1 MPH)
Jordan Carter scores
Batting: RHB Butch Domingue 0-0: Intentional Walk
Batting: RHB Mike Trudelle 0-0: Ball
1-0: Foul Ball, location: 2F
1-1: SINGLE (Groundball, 34D, EV 98.8 MPH)
John Reichle to third
Butch Domingue to second
Runner from 3rd tries for Home, SAFE, throw by RF to home
Bottom of the 10th over - 2 runs, 2 hits, 0 errors, 2 left on base; Pulaski 6 - Elizabethton 7
Friday, May 10th , 2024 - OOTP Baseball 24.11 Build 85